 Dungeon Crawl Stone Soup version 0.30-a0-779-g7971cf19c3 (webtiles) character file.

Game seed: 13845081068883976412

172 KleinerIrrer the Covered (level 5, -3/44 HPs)
             Began as an Armataur Artificer on Feb 17, 2023.
             Killed from afar by Natasha (23 damage)
             ... with a bolt of light
             ... on level 2 of the Dungeon.
             The game lasted 00:07:14 (2488 turns).

KleinerIrrer the Covered (Armataur Artificer)       Turns: 2488, Time: 00:07:15

Health: -3/44      AC:  8    Str: 19    XL:     5   Next: 27%
Magic:  5/5        EV:  8    Int: 12    God:
Gold:   110        SH:  0    Dex: 10    Spells: 4/4 levels left

rFire   . . .      SeeInvis .    y - +2 quarterstaff (chaos)
rCold   . . .      Faith    .    (shield currently unavailable)
rNeg    + . .      Spirit   .    i - +0 ring mail
rPois   .          Reflect  .    A - +0 helmet
rElec   .          Harm     .    z - +0 cloak
rCorr   .          Roll     +    (no gloves)
Will    .....                    (no barding)
Stlth   +                        (no amulet)
HPRegen 0.27/turn                s - ring of positive energy
MPRegen 0.09/turn                (no ring)

@: no status effects
A: large, rugged brown scales 3, deformed body, armoured tail, roll, long
tongue, awkward tongue
a: no special abilities


You were on level 2 of the Dungeon.
You visited 1 branch of the dungeon, and saw 2 of its levels.

You collected 110 gold pieces.

Inventory:

Hand Weapons
 h - a +0 short sword
 j - a +3 dagger
 t - a +2 spectral club
 y - a +2 quarterstaff of chaos (weapon)
Armour
 i - a +0 ring mail (worn)
 m - an orb of mayhem
 z - a +0 cloak (worn)
 A - a +0 helmet (worn)
Jewellery
 s - a ring of positive energy (left hand)
Wands
 c - a wand of flame (16) (quivered)
 d - a wand of charming (15)
 e - a wand of iceblast (5)
Scrolls
 a - 3 scrolls of teleportation {unknown}
 g - a scroll of silence {unknown}
 n - 3 scrolls of identify {unknown}
 o - 4 scrolls of fog {unknown}
 q - a scroll of noise {unknown}
 w - a scroll of enchant armour {unknown}
Potions
 b - a potion of flight {unknown}
 f - 2 potions of heal wounds {unknown}
 k - 3 potions of brilliance {unknown}
 l - 2 potions of curing
 p - a potion of attraction {unknown}
 r - a potion of lignification {unknown}
 u - 2 potions of might
 v - 2 potions of mutation {unknown}
 x - a potion of invisibility {unknown}


   Skills:
 + Level 2.7 Fighting
 + Level 4.2 Armour
 - Level 0.7 Dodging
 - Level 1.6 Stealth
 + Level 4.1 Evocations


You had 4 spell levels left.
You didn't know any spells.
Your spell library was empty.

Dungeon Overview and Level Annotations

Branches:
Dungeon (2/15)

Altars:

Shops:
D:2 [

Annotations:
D:2 Natasha


Innate Abilities, Weirdness & Mutations

You are completely covered in rugged brown scales. (AC +3, +7% HP)
Armour fits poorly on your strangely shaped body.
You have a long armoured tail.
You roll when moving toward enemies. (Rampage)
Your long tongue fully drains potion bottles. (2x potion effects)
Your tongue gives you trouble enunciating. (1.5x scroll delay)


Message History

Done exploring.
Done exploring.
(D) Dungeon
Where to? (Enter - D:2 @ (x,y), ? - help)
What level of the Dungeon? (default 1, ? - help) Natasha, Servant of Life and Death comes into view.
She is carrying a wand of light (10).
You roll towards Natasha!
Natasha zaps a wand.
The bolt of light hits you!
You roll towards Natasha!
Natasha stares at you and mumbles some strange words.
The magic dart hits you.
You closely miss Natasha.
Your tail-slap misses Natasha.
Natasha zaps a wand.
The bolt of light hits you!
You are confused.
Natasha stares at you and mumbles some strange words.
You resist with some effort.
You feel less confused.
You hit Natasha.
Natasha seems to speed up.
Natasha is lightly wounded.
Natasha casts a spell.
Natasha claws you.
You barely miss Natasha.
Your tail-slap misses Natasha.
Natasha is lightly wounded.
Natasha zaps a wand.
The bolt of light hits you!!
* * * LOW HITPOINT WARNING * * *
Natasha claws you but does no damage.
You slurp down every last drop of the 4 potions of curing!
You feel better. Natasha claws you!
The shadow imp hits you but does no damage.
You hit Natasha. You freeze Natasha.
Natasha is moderately wounded.
Natasha casts a spell at you. The magic dart hits you. Natasha claws you!
* * * LOW HITPOINT WARNING * * *
The shadow imp closely misses you.
You slurp down every last drop of the 3 potions of curing!
You feel better.
Natasha mumbles some strange words.
The shadow imp hits you.
Natasha zaps a wand.
The bolt of light hits you!!
Ouch! That really hurt!
You die...

...#.##.#.####.#########.###.##
..(.#..#...............)......#
...#.##.#..###.#########.###..#
..........## #†## #.# #..##
...####.#.# #..# #.###...##
..........# ##.## #.........
...######## ##...## #.####..##
.### #####....5#### #.........
.### #.......@h..># ######..##
...######.###.....##.# #..#
##.#...........5.###[# #..#
#.#.####.###.#.## #.# #..#
#.#.# #.# #.#.####.###### #..#
##.#.# #.#
#.#...........###..## #....#
#.# #.######.####).....#.
..#..# #.###.# #.#........##.
#...## #..≈≈≈## #.(...........


You could see Natasha (fast), a white imp (summoned) and a shadow imp
(summoned).

Vanquished Creatures
  Crazy Yiuf (D:2)
  Jessica (D:2)
  Natasha (twice) (D:2)
  A worm (D:2)
  4 dart slugs
  5 bats
  5 endoplasms (D:2)
  3 giant cockroaches
  4 goblins
  9 hobgoblins
  6 jackals
  A quokka (D:2)
  5 ball pythons
  A frilled lizard (D:1)
  2 kobolds
  A rat (D:1)
  A bush (D:1)
52 creatures vanquished.

Vanquished Creatures (others)
  A plant (D:1)
1 creature vanquished.

Grand Total: 53 creatures vanquished

Notes
Turn   | Place    | Note
-------+----------+-------------------------------------------
     0 | D:1      | KleinerIrrer the Armataur Artificer began the quest for the
                  | Orb.
     0 | D:1      | Reached XP level 1. HP: 16/16 MP: 1/1
   143 | D:1      | Reached skill level 1 in Fighting
   217 | D:1      | Found a faded altar of an unknown god.
   327 | D:1      | Reached XP level 2. HP: 12/24 MP: 2/2
  1254 | D:2      | Found Fupookhi's Antique Armour Emporium.
  1343 | D:2      | Noticed Natasha
  1346 | D:2      | Reached XP level 3. HP: 29/29 MP: 3/3
  1351 | D:2      | Killed Natasha
  1468 | D:2      | Noticed Jessica
  1471 | D:2      | Killed Jessica
  1472 | D:2      | Reached XP level 4. HP: 31/38 MP: 4/4
  1536 | D:2      | Identified the +2 dagger of the Poles {heavy, Str+6 Int-3
                  | Dex+3}
  1886 | D:2      | Noticed Natasha
  1893 | D:2      | Killed Natasha
  2007 | D:2      | Found a runed translucent door.
  2008 | D:2      | Noticed Crazy Yiuf
  2066 | D:2      | Killed Crazy Yiuf
  2067 | D:2      | Reached XP level 5. HP: 13/44 MP: 5/5
  2478 | D:2      | Noticed Natasha
  2488 | D:2      | Killed from afar by Natasha

Illustrated notes

Levels and vault maps discovered:
D:1:      lightli_arrival_lavapool, layout_loops_ring, serial_forest,
          infiniplex_forest_lined_room_, infiniplex_forest_lined_3,
          infiniplex_forest_split, infiniplex_forest_split,
          infiniplex_forest_end_3, shapermc_ecumenical_altar_notcrosses,
          hangedman_abyss_or_decor_stabs
D:2:      layout_loops_ring, serial_shops, nicolae_shop_waterfront,
          minmay_small_reverse_x, uniq_jessica, uniq_crazy_yiuf_cottage,
          uniq_natasha

Skill      XL: |  1  2  3  4 |
---------------+-------------+-----
Fighting       | 1 2 |  2.7
Armour         | 3 4 |  4.2
Evocations     | 4 |  4.1
Dodging        | |  0.7
Stealth        | |  1.6

Action                     |  1- 3 |  4- 6 || total
---------------------------+-------+-------++-------
  Melee: Short sword       |    29 |       ||    29
         Club              |     4 |    36 ||    40
         Tailslap          |    53 |     5 ||    58
         Dagger            |   222 |       ||   222
         Punch             |     2 |       ||     2
         Quarterstaff      |       |    10 ||    10
  Evoke: Wand              |     3 |     7 ||    10
    Use: Potion            |     1 |     2 ||     3
   Stab: Sleeping          |     1 |       ||     1
 Armour: Ring mail         |    43 |    19 ||    62
         Leather armour    |     1 |       ||     1
  Dodge: Dodged            |    52 |    19 ||    71

Table legend: (Time is in decaauts)
 A = Elapsed time spent in this place.
 B = Non-inter-level travel time spent in this place.
 C = Inter-level travel time spent in this place.
 D = Time resting spent in this place.
 E = Time spent auto-exploring this place.
 F = Levels seen in this place.
 G = Mean time per level.
                   A        B        C        D        E       F      G
               +--------+--------+--------+--------+--------+-----+--------+
         Total |   2509 |   2325 |    184 |    159 |   1593 |   2 | 1254.5 |
       Dungeon |   2509 |   2325 |    184 |    159 |   1593 |   2 | 1254.5 |
               +--------+--------+--------+--------+--------+-----+--------+

Top non-repeatable levels by time:
     D:2: 1265 daAuts
     D:1: 1244 daAuts
